 Dungeon Crawl Stone Soup version 0.30.0-29-ga12c61a403 (webtiles) character file.

Game seed: 18139534278048212507

39503 safid the Warrior (level 14, -11/125 HPs)
             Began as a Merfolk Ice Elementalist on June 21, 2023.
             Was a High Priest of Vehumet.
             Shot with an arrow by a centaur warrior (21 damage)
             ... on level 12 of the Dungeon.
             The game lasted 00:52:57 (18617 turns).

safid the Warrior (Merfolk Ice Elementalist)       Turns: 18617, Time: 00:52:58

Health: -11/125    AC:  9    Str: 10    XL:     14   Next: 6%
Magic:  28/28      EV: 16    Int: 31    God:    Vehumet [*****.]
Gold:   939        SH:  5    Dex: 22    Spells: 24/33 levels left

rFire   . . .        C - +7 double sword (holy)
rCold   x . .        (no shield)
rNeg    . . .        v - +1 robe "Fuhoeth" {rC- Will- Int+8 Dex+8}
rPois   .            t - +2 helmet {Int+3}
rElec   .            (no cloak)
rCorr   +            (no gloves)
SInv    .            p - +2 pair of boots of Calculation {Regen+ rCorr Int+2}
Will    .....        H - amulet of reflection
Stlth   ++           (no ring)
HPRegen 1.20/turn    (no ring)
MPRegen 0.21/turn

%: reflection
@: slowed, studying Invocations, very slow
A: (nimble swimmer 2), mertail
a: Renounce Religion


You were on level 12 of the Dungeon.
You worshipped Vehumet.
Vehumet was extremely pleased with you.
You visited 3 branches of the dungeon, and saw 18 of its levels.
You also visited: Bailey.

You collected 939 gold pieces.

Inventory:

Hand Weapons
 C - a +7 double sword of holy wrath (weapon)
Missiles
 h - a throwing net
 B - 8 curare-tipped darts
Armour
 p - the +2 pair of boots of Calculation (worn) {Regen+ rCorr Int+2}
   (You found it on level 3 of the Dungeon)

   Int:       It affects your intelligence (+2).
   Regen:     It increases your rate of health regeneration.
   rCorr:     It protects you from acid and corrosion.
 t - a +2 helmet of intelligence (worn)
 v - the +1 robe "Fuhoeth" (worn) {rC- Will- Int+8 Dex+8}
   (You found it on level 4 of the Dungeon)

   Int:       It affects your intelligence (+8).
   Dex:       It affects your dexterity (+8).
   rC:        It makes you vulnerable to cold.
   Will:      It decreases your willpower.
Jewellery
 H - an amulet of reflection (around neck)
Wands
 g - a wand of digging (4)
 k - a wand of iceblast (10)
 x - a wand of mindburst (8)
 G - a wand of paralysis (8)
Scrolls
 a - a scroll of enchant weapon
 e - 2 scrolls of amnesia
 i - 3 scrolls of fog
 l - 2 scrolls of fear
 n - 2 scrolls of brand weapon {unknown}
 o - 2 scrolls of magic mapping {unknown}
 s - a scroll of immolation {unknown}
 u - 6 scrolls of teleportation
 y - a scroll of enchant armour {unknown}
 A - a scroll of vulnerability {unknown}
 F - a scroll of blinking {unknown}
 J - a scroll of identify
Potions
 b - 5 potions of magic
 c - 4 potions of flight {unknown}
 d - 6 potions of curing
 f - 2 potions of berserk rage {unknown}
 j - 4 potions of mutation
 m - a potion of ambrosia {unknown}
 q - a potion of degeneration {unknown}
 r - 7 potions of lignification {unknown}
 w - 3 potions of brilliance {unknown}
 z - 2 potions of cancellation {unknown}
 D - 3 potions of resistance {unknown}
 E - a potion of haste {unknown}
 I - 2 potions of invisibility {unknown}


   Skills:
 + Level 16.2 Fighting
 - Level 6.0 Dodging
 - Level 2.1 Stealth
 - Level 10.0 Spellcasting
 - Level 4.0 Translocations
 - Level 16.0 Ice Magic


You had 24 spell levels left.
You knew the following spells:

 Your Spells              Type           Power      Damage    Failure   Level
a - Freeze                Ice            100%       1d10      0%          1
b - Frozen Ramparts       Ice            100%       1d16      0%          3
c - Ozocubu's Armour      Ice            85%        N/A       0%          3
d - Blink                 Tloc           80%        N/A       1%          2

Your spell library contained the following spells:

 Spells                   Type           Power      Damage    Failure   Level
 Airstrike                Air            7%         2d(2-18)  9%          4
 Apportation              Tloc           80%        N/A       1%          1
 Lesser Beckoning         Tloc           80%        N/A       1%          2
 Momentum Strike          Conj/Tloc      54%        3d9       1%          2
 Summon Ice Beast         Ice/Summ       60%        N/A       1%          4
 Necrotise                Necr           60%        1d7       3%          1
 Slow                     Hex            60%        N/A       3%          1
 Summon Small Mammal      Summ           60%        N/A       3%          1
 Confusing Touch          Hex            15%        N/A       10%         3
 Vampiric Draining        Necr           15%        2d7       10%         3
 Summon Forest            Summ/Tloc      13%        N/A       36%         5
 Eringya's Noxious Bog    Tmut/Pois      7%         N/A       73%         6
 Summon Hydra             Summ           7%         N/A       100%        7


Dungeon Overview and Level Annotations

Branches:
Dungeon (12/15)            Temple (1/1) D:7            Lair (5/5) D:8
  Swamp (0/4) Lair:2       Spider (0/4) Lair:2        Slime (0/5) Lair:5
 Bailey (visited)
    Orc: D:9-12

Altars:
Ashenzari
Cheibriados
Dithmenos
Elyvilon
Fedhas
Gozag
Hepliaklqana
Kikubaaqudgha
Makhleb
Okawaru
Qazlal
Ru
Sif Muna
Trog
Uskayaw
Vehumet
Wu Jian
Xom
Yredelemnul
Zin
The Shining One

Shops:
D:8 :   D:9 (   D:12 [

Annotations:
D:2 1 runed translucent door, Crazy Yiuf
D:4 Grinder
D:6 Edmund
D:11 2 transporters, suzumiya's ghost, journeyman MfGl
Lair:2 1 runed translucent door, 1 exclusion, seaoflcl's ghost, journeyman MiFi
Lair:4 3 runed translucent doors, mkat's ghost, journeyman GrWn
Lair:5 exclusion: obsidian statue


Innate Abilities, Weirdness & Mutations

((You are very nimble when in or above water. (Stealth+, EV+, Speed+++)))
Your lower body shifts to a powerful aquatic tail in water.


Message History

The wraith is heavily damaged.
The wraith hits you but does no damage. The wraith hits you!
* * * LOW HITPOINT WARNING * * *
The wraith drains your vigour!
You feel yourself slow down.
Unknown command.
Unknown command.
As you read the scroll of fear, it crumbles to dust.
You assume a fearsome visage.
The centaur warrior looks frightened!
The acid dragon looks frightened!
The wraith is unaffected.
The wraith hits you.
* * * LOW HITPOINT WARNING * * *
The wraith drains your vigour!
You feel as though you will be slow longer.
Unknown command.
Okay, then.
Unknown command.
You slash the wraith!
The wraith convulses!
You destroy the wraith!
Vehumet accepts your kill.
Unknown command.
You are no longer corroded.
The centaur warrior shoots an arrow.
The arrow barely misses you.
The centaur warrior shoots an arrow.
The arrow hits you!
* * * LOW HITPOINT WARNING * * *
The centaur warrior shoots an arrow.
The arrow misses you.
The shadow slips into darkness.
The shadow flickers and vanishes!
Deactivating autopickup; reactivate with Ctrl-A.
The centaur warrior shoots an arrow.
The arrow completely misses you.
The centaur warrior shoots an arrow.
The arrow hits you!
* * * LOW HITPOINT WARNING * * *
The centaur warrior shoots an arrow.
The arrow hits you!
* * * LOW HITPOINT WARNING * * *
The centaur warrior shoots an arrow.
The arrow closely misses you.
The centaur warrior shoots an arrow.
The arrow hits you!
* * * LOW HITPOINT WARNING * * *
As you read the scroll of fog, it crumbles to dust.
The scroll dissolves into smoke.
The centaur warrior shoots an arrow.
The arrow hits you!!
You die...

#. ##.#............#
#..##..#†#.....c...###..
#.....#.#..............
####.....#..∩......####
.......)##.........#
..##..#).........#.#
....###.#§..[.###.#
...........§§§..# #
..........§§@§..#
##..#####..§§§..# .
.......§§..##
####.....#.# #.....##$#
#<.....### #...........#
#......>..<##
#............#


You could see a centaur warrior.

Vanquished Creatures
  A hydra (Lair:5)
  A centaur warrior (D:10)
  A catoblepas (Lair:4)
  A boulder beetle (Lair:3)
  2 two-headed ogres
  5 death yaks
  Sonja (Lair:2)
  4 skysharks
  2 bog bodies (Lair:2)
  Pikel (D:8)
  A necromancer (Lair:5)
  An orc knight (Bailey)
  A cyclops (D:11)
  12 elephants
  3 black mambas
  A dire elephant zombie (Lair:5)
  9 cane toads
  4 komodo dragons
  A troll (D:11)
  A meliai (Lair:2)
  A hornet (D:9)
  4 blink frogs (Lair:1)
  2 spectral elephants (Lair:5)
  2 shadows
  A wyvern (D:8)
  3 wraiths
  44 yaks
  A death yak simulacrum (Lair:5)
  3 basilisks
  2 steam dragons (D:8)
  10 vampire mosquitoes
  3 swamp worms (Lair:2)
  An acid dragon (D:9)
  13 water moccasins
  7 orc warriors
  2 sky beasts
  An ice beast (D:7)
  3 black bears (D:8)
  2 ogres
  An elephant skeleton (Lair:5)
  5 centaurs
  11 wolves
  A lemure (D:8)
  2 kobold brigands
  12 bullfrogs
  2 gnoll sergeants
  A cane toad simulacrum (Lair:5)
  5 scorpions
  12 killer bees
  A howler monkey (D:8)
  An electric eel (Lair:2)
  5 hounds
  A gnoll bouda (D:8)
  6 jellies
  6 orc priests
  Jessica (D:3)
  3 iguanas
  A sleepcap (D:5)
  13 orc wizards
  16 gnolls
  Robin (D:4)
  12 adders
  A white imp (D:5)
  An ufetubus (D:6)
  2 worms
  A dart slug (D:5)
  29 orcs
  7 ball pythons
  4 bats
  3 endoplasms
  4 giant cockroaches
  21 goblins
  10 hobgoblins
  2 jackals (D:1)
  3 quokkas
  4 frilled lizards
  23 kobolds
  6 rats
398 creatures vanquished.

Vanquished Creatures (others)
  A wizard (D:3)
1 creature vanquished.

Grand Total: 399 creatures vanquished

Notes
Turn   | Place    | Note
-------+----------+-------------------------------------------
     0 | D:1      | safid the Merfolk Ice Elementalist began the quest for the
                  | Orb.
     0 | D:1      | Reached XP level 1. HP: 13/13 MP: 3/3
   395 | D:1      | Found a faded altar of an unknown god.
   631 | D:1      | Reached XP level 2. HP: 19/20 MP: 3/5
   699 | D:1      | Reached skill level 1 in Fighting
  1207 | D:2      | Reached XP level 3. HP: 11/26 MP: 4/6
  1211 | D:2      | Learned a level 3 spell: Frozen Ramparts
  2258 | D:2      | Found a runed translucent door.
  2263 | D:2      | Learned a level 3 spell: Ozocubu's Armour
  2263 | D:2      | Noticed Crazy Yiuf
  2334 | D:3      | Found a bloodstained altar of Trog.
  2372 | D:3      | Noticed Jessica
  2380 | D:3      | Killed Jessica
  2381 | D:3      | Reached skill level 5 in Ice Magic
  2381 | D:3      | Reached XP level 4. HP: 3/33 MP: 0/8
  2680 | D:3      | Found a snail-covered altar of Cheibriados.
  2713 | D:3      | Identified the +2 pair of boots of Calculation {Regen+
                  | rCorr Int+2}
  2969 | D:3      | Reached XP level 5. HP: 40/40 MP: 1/9
  3257 | D:3      | Noticed a wizard
  3263 | D:3      | Killed a wizard
  3726 | D:4      | Found a sacrificial altar of Ru.
  3751 | D:4      | Noticed Grinder
  3788 | D:4      | Noticed an ogre
  3794 | D:4      | Killed an ogre
  3795 | D:4      | Reached XP level 6. HP: 32/47 MP: 3/11
  4017 | D:4      | Noticed Robin
  4024 | D:4      | Killed Robin
  4184 | D:4      | Learned a level 2 spell: Blink
  4294 | D:4      | Identified the +1 robe "Fuhoeth" {rC- Will- Int+8 Dex+8}
  4824 | D:5      | Entered Level 5 of the Dungeon
  4831 | D:5      | Reached XP level 7. HP: 54/54 MP: 6/13
  5381 | D:6      | Found a blossoming altar of Fedhas.
  5543 | D:6      | Reached skill level 5 in Fighting
  5585 | D:6      | Noticed Edmund
  5756 | D:6      | Reached XP level 8. HP: 62/62 MP: 8/15
  5758 | D:6      | Reached skill level 5 in Spellcasting
  5807 | D:6      | Noticed a shadow
  6002 | D:6      | Killed a shadow
  7071 | D:7      | Reached XP level 9. HP: 71/71 MP: 11/18
  7090 | D:7      | Found a staircase to the Ecumenical Temple.
  7108 | Temple   | Entered the Ecumenical Temple
  7133 | D:7      | Found a flagged portal.
  7170 | Bailey   | Entered a bailey
  7274 | Bailey   | Noticed an orc warlord
  7294 | Bailey   | Noticed an orc knight
  7426 | Bailey   | Killed an orc knight
  7615 | Bailey   | Found a runed translucent gate.
  7615 | Bailey   | Found a runed translucent gate.
  7615 | Bailey   | Found a runed translucent gate.
  7986 | Temple   | Became a worshipper of Vehumet
  8459 | D:8      | Noticed Pikel
  8470 | D:8      | Killed Pikel
  8471 | D:8      | Reached XP level 10. HP: 82/82 MP: 14/21
  8523 | D:8      | Reached skill level 10 in Ice Magic
  8735 | D:8      | Found a staircase to the Lair.
  8882 | D:8      | Noticed a walking frostbound tome
  8885 | D:8      | Found Qyobis's Book Boutique.
  8885 | D:8      | Noticed a walking frostbound tome
  9225 | D:8      | Reached * piety under Vehumet
  9225 | D:8      | Offered knowledge of Kiss of Death by Vehumet.
  9373 | D:8      | Noticed a two-headed ogre
  9382 | D:8      | Killed a two-headed ogre
  9993 | D:9      | Reached skill level 10 in Fighting
 10057 | D:9      | Found an iron altar of Okawaru.
 10223 | D:9      | Found Olewix's Weapon Shoppe.
 10303 | D:9      | Acquired a +4 double sword of holy wrath
 10501 | D:9      | Reached XP level 11. HP: 74/91 MP: 19/24
 10710 | D:9      | Reached skill level 1 in Translocations
 11003 | D:10     | Entered Level 10 of the Dungeon
 11003 | D:10     | Noticed a centaur warrior
 11122 | D:10     | Killed a centaur warrior
 11185 | D:10     | Reached ** piety under Vehumet
 11185 | D:10     | Offered knowledge of Foxfire by Vehumet.
 11357 | D:10     | Reached skill level 5 in Dodging
 11880 | Lair:1   | Entered Level 1 of the Lair of Beasts
 12508 | Lair:1   | Reached XP level 12. HP: 71/100 MP: 17/25
 12904 | Lair:2   | Offered knowledge of Volatile Blastmotes by Vehumet.
 12925 | Lair:2   | Reached skill level 10 in Spellcasting
 12962 | Lair:2   | Found a hole to the Spider Nest.
 12991 | Lair:2   | Reached *** piety under Vehumet
 13078 | Lair:2   | Noticed a death yak
 13092 | Lair:2   | Killed a death yak
 13202 | Lair:2   | You fall into a shaft and drop 1 floor!
 13250 | Lair:3   | Noticed a boulder beetle
 13256 | Lair:3   | Noticed a skyshark
 13267 | Lair:2   | Noticed seaoflcl's ghost (journeyman MiFi)
 13267 | Lair:2   | Found a runed translucent door.
 13338 | Lair:2   | Noticed Sonja
 13408 | Lair:2   | Killed Sonja
 13648 | Lair:2   | Identified the +0 ring mail of Raptuw {rC+}
 13840 | Lair:2   | Found a staircase to the Swamp.
 14035 | Lair:2   | Found a blossoming altar of Fedhas.
 14777 | Lair:3   | Killed a boulder beetle
 14777 | Lair:3   | Offered knowledge of Stone Arrow by Vehumet.
 14783 | Lair:3   | Killed a skyshark
 15278 | Lair:4   | Noticed a skyshark
 15302 | Lair:4   | Killed a skyshark
 15303 | Lair:4   | Reached XP level 13. HP: 107/111 MP: 10/27
 15730 | Lair:4   | Noticed mkat's ghost (journeyman GrWn)
 15731 | Lair:4   | Noticed a minotaur
 15747 | Lair:4   | Found a runed translucent gate.
 15747 | Lair:4   | Found a runed translucent gate.
 15747 | Lair:4   | Found a runed translucent gate.
 15942 | Lair:4   | Reached **** piety under Vehumet
 15946 | Lair:4   | Offered knowledge of Iskenderun's Battlesphere by Vehumet.
 16230 | Lair:4   | Reached skill level 15 in Ice Magic
 16742 | Lair:5   | Entered Level 5 of the Lair of Beasts
 17122 | Lair:5   | Reached skill level 15 in Fighting
 17225 | Lair:5   | Found a staircase to the Slime Pits.
 17377 | Lair:5   | Noticed a dire elephant
 17378 | Lair:5   | Noticed a dire elephant
 17559 | Lair:5   | HP: 3/116 [dire elephant zombie (9)]
 18115 | D:11     | Found a shadowy altar of Dithmenos.
 18117 | D:11     | Noticed suzumiya's ghost (journeyman MfGl)
 18118 | D:11     | Found a transporter.
 18224 | D:11     | Found a transporter.
 18249 | D:11     | Reached ***** piety under Vehumet
 18249 | D:11     | Offered knowledge of Airstrike by Vehumet.
 18253 | D:11     | Reached XP level 14. HP: 124/124 MP: 26/28
 18536 | D:12     | Found Dorgha's Armour Emporium.
 18617 | D:12     | Shot with an arrow by a centaur warrior

Illustrated notes

Levels and vault maps discovered:
D:1:      lemuel_arrival_tunnels, layout_basic,
          shapermc_ecumenical_altar_mp_ritualfount, bh_walls_and_bars
D:2:      layout_loops_corners, serial_forest, infiniplex_forest_straight_1,
          infiniplex_forest_lined_corner, infiniplex_forest_straight_2,
          infiniplex_forest_end_2, infiniplex_forest_lined_2,
          reono_crystal_passage, uniq_crazy_yiuf_cottage
D:3:      minmay_skewed_foursquare, layout_rooms, trog_wizard,
          mainiacjoe_overflow_catwalk, minmay_door_square, uniq_jessica
D:4:      layout_basic, mainiacjoe_overflow_concentric_impassable, sigmund_army,
          uniq_robin, uniq_grinder
D:5:      kennysheep_spiral_hall, layout_rooms, nemelex_diamond_rough_becter,
          uniq_prince_ribbit1
D:6:      layout_basic, mainiacjoe_overflow_boulevard, minmay_manual_mess,
          uniq_edmund
D:7:      layout_basic, minmay_temple_entry_statues_pillars, enter_bailey_2
D:8:      layout_loops_corners, due_lair_maze_entry_diamond, serial_shops,
          nicolae_shop_mannequins, uniq_pikel
D:9:      layout_basic, okawaru_metal_pillars_1_2, serial_shops, shop
D:10:     layout_roguey, serial_corexii_hall, corexii_hall_statues_i,
          corexii_hall_statues_i
D:11:     minmay_stone_box, layout_rooms, gammafunk_ghost_smash,
          grunt_dithmenos_smoke
D:12:     layout_rooms, hiddenorc1_lemuel, serial_shops, shop
Temple:   nicolae_temple_elliptical
Lair:1:   layout_hall_layers
Lair:2:   layout_gridlike, nicolae_swamp_entry_splash_gauntlet,
          hellmonk_spider_entry_not_the_bees, gammafunk_ghost_grave,
          st_stairs_13, small_statue_intersection, lemuel_centaur_altar,
          uniq_sonja
Lair:3:   layout_cellular_growth, serial_bayou_shore_b
Lair:4:   layout_cave_pods, maelrawn_ghost_gauntlet_escape, beast_lair_carwin_11
Lair:5:   due_jungle_book, layout_misc_corridors, nicolae_slime_entry_field_trip

Skill      XL: |  1  2  3  4  5  6  7  8  9 10 11 12 13 14 |
---------------+-------------------------------------------+-----
Fighting       | 1 2 3 4 5 6 8 10 11 13 15 16 | 16.2
Ice Magic      | 5 6 7 8 9 11 12 14 16 | 16.0
Spellcasting   | 3 4 6 7 9 10 | 10.0
Dodging        | 3 6 |  6.0
Translocations | 3 4 |  4.0
Stealth        | |  2.1

Action                     |  1- 3 |  4- 6 |  7- 9 | 10-12 | 13-15 || total
---------------------------+-------+-------+-------+-------+-------++-------
  Melee: Dagger            |    50 |       |       |       |       ||    50
         Club              |       |    45 |   131 |    37 |       ||   213
         Tailslap          |       |     2 |     2 |       |       ||     4
         Punch             |       |     1 |     2 |     4 |     2 ||     9
         Double sword      |       |       |       |   155 |   144 ||   299
   Cast: Freeze            |    38 |    23 |    21 |    91 |    52 ||   225
         Frozen Ramparts   |     2 |    12 |    37 |    70 |    47 ||   168
         Ozocubu's Armour  |       |     8 |    25 |    55 |    30 ||   118
    Use: Scroll            |       |       |     6 |     8 |     6 ||    20
         Potion            |       |       |       |     3 |     6 ||     9
   Stab: Sleeping          |     3 |     4 |       |       |       ||     7
 Armour: Robe              |    13 |    24 |    86 |   178 |   140 ||   441
  Dodge: Dodged            |    57 |    51 |   103 |   293 |   226 ||   730
  Block: Other             |       |       |       |       |    28 ||    28
         Reflection        |       |       |       |       |     2 ||     2
